 Dungeon Crawl Stone Soup version 0.29-a0-398-ge13fd1374b (webtiles) character file.

Game seed: 3368161142137550518

56 zishaf the Grave Robber (level 4, 31/31 HPs)
             Began as a Human Necromancer on May 12, 2022.
             Quit the game on level 2 of the Dungeon.
             The game lasted 00:02:34 (2284 turns).

zishaf the Grave Robber (Human Necromancer)         Turns: 2284, Time: 00:02:35

Health: 31/31      AC:  2    Str:  9    XL:     4   Next: 17%
Magic:  7/7        EV: 12    Int: 17    God:
Gold:   49         SH:  0    Dex: 13    Spells: 3/7 levels left

rFire   + . .      SeeInvis .   n - +3 hand axe
rCold   . . .      Faith    .   (no shield)
rNeg    . . .      Spirit   .   a - +0 robe
rPois   .          Reflect  .   (no helmet)
rElec   .          Harm     .   (no cloak)
rCorr   +          Rampage  .   (no gloves)
Will    .....                   (no boots)
Stlth   ++........              (no amulet)
HPRegen 0.10/turn               d - ring of protection from fire
MPRegen 0.10/turn               f - ring of resist corrosion

@: no status effects
A: no striking features
a: no special abilities


You were on level 2 of the Dungeon.
You visited 1 branch of the dungeon, and saw 2 of its levels.

You collected 49 gold pieces.

Inventory:

Hand Weapons
 c - a +0 hand axe
 h - a +0 dagger
 n - a +3 hand axe (weapon)
Armour
 a - a +0 robe (worn)
Jewellery
 d - a ring of protection from fire (left hand)
 f - a ring of resist corrosion (right hand)
Scrolls
 e - 4 scrolls of immolation {unknown}
 g - 3 scrolls of identify {unknown}
 k - a scroll of amnesia {unknown}
 l - a scroll of enchant weapon {unknown}
 p - a scroll of noise {unknown}
 q - a scroll of fog {unknown}
Potions
 b - a potion of magic
 i - a potion of resistance {unknown}
 j - 3 potions of lignification {unknown}
 m - a potion of degeneration {unknown}
 o - a potion of might {unknown}


   Skills:
 + Level 0.9 Fighting
 - Level 2.3 Dodging
 - Level 2.4 Stealth
 - Level 2.3 Spellcasting
 * Level 4.6 Necromancy


You had 3 spell levels left.
You knew the following spells:

 Your Spells              Type           Power      Damage    Failure   Level
a - Pain                  Necr           68%        1d7       2%          1
b - Vampiric Draining     Necr           17%        2d7       9%          3

Your spell library contained the following spells:

 Spells                   Type           Power      Damage    Failure   Level
 Animate Skeleton         Necr           34%        N/A       2%          1
 Animate Dead             Necr           8%         N/A       28%         4
 Agony                    Necr           17%        N/A       61%         5


Dungeon Overview and Level Annotations

Branches:
Dungeon (2/15)

Altars:

Shops:
D:1 [


Message History

You hit the goblin.
You kill the goblin!
You closely miss the hobgoblin. The hobgoblin hits you.
You hit the hobgoblin.
You kill the hobgoblin!
No target in view!
No target in view!
q - a scroll labelled VINKUHYVUS You see here a +0 dagger.
There is an escape hatch in the floor here.
You see here a frilled lizard corpse.
You see here a +0 rapier.
A hobgoblin comes into view.
A hobgoblin is nearby!
The hobgoblin shouts!
You closely miss the hobgoblin. The hobgoblin closely misses you.
You hit the hobgoblin.
The hobgoblin is moderately wounded.
The hobgoblin hits you.
An adder comes into view.
You hit the hobgoblin.
You kill the hobgoblin!
An adder is nearby!
You hit the adder.
The adder is lightly wounded.
The adder bites you. The adder misses you.
You hit the adder.
The adder is heavily wounded.
The adder closely misses you.
You hit the adder.
You kill the adder!
You have reached level 4!
You feel stronger.
You see here an adder corpse.
Found an escape hatch in the ceiling.
Found a stone staircase leading down.
There is a stone staircase leading down here.
You open the door.
Found a long sword.
Are you sure you want to abandon this character and quit the game? (Confirm with "yes".)

######## ### #.......
#... #.###### #.... #.#
#.....###########.######
#.....'@................
#.....#.####.####.######
#.).. #<# #.#....# #...
#.# #.#.######### #..
#.####.#.......... #.
#.#....#.#.######. #
#.#.####.#.# #.
#.#.#....#.######.
#.......<.....†...


There were no monsters in sight!

Vanquished Creatures
  A gnoll (D:1)
  An adder (D:2)
  3 dart slugs
  6 bats
  An endoplasm (D:1)
  3 giant cockroaches
  5 goblins
  5 hobgoblins
  A ball python (D:1)
  A frilled lizard (D:2)
  3 kobolds
30 creatures vanquished.

Notes
Turn   | Place    | Note
-------+----------+-------------------------------------------
     0 | D:1      | zishaf the Human Necromancer began the quest for the Orb.
     0 | D:1      | Reached XP level 1. HP: 13/13 MP: 3/3
   242 | D:1      | Reached XP level 2. HP: 17/19 MP: 0/5
   839 | D:1      | Reached XP level 3. HP: 3/24 MP: 1/6
   843 | D:1      | Learned a level 3 spell: Vampiric Draining
  1135 | D:1      | Found Ejuv's Antique Armour Emporium.
  2192 | D:2      | Reached XP level 4. HP: 26/31 MP: 7/7
  2284 | D:2      | Quit the game

Illustrated notes

Levels and vault maps discovered:
D:1:      doesnt_arrival_eight_statues, layout_rooms, serial_shops,
          nicolae_shop_trees, grunt_decor_one_mirror
D:2:      layout_basic

Action                   |  1- 3 |  4- 6 || total
-------------------------+-------+-------++-------
Melee: Hand axe          |    35 |       ||    35
       Punch             |     1 |       ||     1
       Dagger            |    23 |       ||    23
 Cast: Pain              |    34 |       ||    34
Armor: Robe              |    14 |       ||    14
Dodge: Dodged            |    39 |       ||    39

Table legend: (Time is in decaauts)
 A = Elapsed time spent in this place.
 B = Non-inter-level travel time spent in this place.
 C = Inter-level travel time spent in this place.
 D = Time resting spent in this place.
 E = Time spent auto-exploring this place.
 F = Levels seen in this place.
 G = Mean time per level.
                   A        B        C        D        E       F      G
               +--------+--------+--------+--------+--------+-----+--------+
         Total |   2292 |   2256 |     36 |      0 |   2010 |   2 | 1146.0 |
       Dungeon |   2292 |   2256 |     36 |      0 |   2010 |   2 | 1146.0 |
               +--------+--------+--------+--------+--------+-----+--------+

Top non-repeatable levels by time:
     D:1: 1382 daAuts
     D:2: 909 daAuts
